 Dungeon Crawl Stone Soup version 0.29.1-13-g9f3cf754e1 (webtiles) character file.

Game seed: 16697829872606858465

134 Chiseanne the Twirler (level 4, -1/35 HPs)
             Began as a Demonspawn Wanderer on Jan 30, 2023.
             Slain by a worm (5 damage)
             ... on level 3 of the Dungeon.
             The game lasted 00:04:21 (2815 turns).

Chiseanne the Twirler (Demonspawn Wanderer)         Turns: 2815, Time: 00:04:21

Health: -1/35      AC: 14    Str: 18    XL:     4   Next: 95%
Magic:  5/5        EV: 11    Int: 10    God:
Gold:   1206       SH:  0    Dex: 12    Spells: 5/5 levels left

rFire   . . .      SeeInvis .   a - +3 quarterstaff
rCold   . . .      Faith    .   (shield currently unavailable)
rNeg    . . .      Spirit   .   g - +0 ring mail
rPois   .          Reflect  .   (no helmet)
rElec   .          Harm     .   (no cloak)
rCorr   .          Rampage  .   (no gloves)
Will    .....                   (no boots)
Stlth   +.........              (no amulet)
HPRegen 0.11/turn               f - ring of flight
MPRegen 0.09/turn               (no ring)

@: sanguine armoured, flying
A: powered by pain 1, sanguine armour 2
a: no special abilities


You were on level 3 of the Dungeon.
You visited 1 branch of the dungeon, and saw 3 of its levels.

You collected 1206 gold pieces.

Inventory:

Hand Weapons
 a - a +3 quarterstaff (weapon)
Missiles
 e - 4 poisoned darts (quivered)
Armour
 g - a +0 ring mail (worn)
Jewellery
 f - a ring of flight (left hand)
Wands
 k - a wand of mindburst (15)
Scrolls
 b - 2 scrolls of teleportation
Potions
 c - a potion of attraction
 d - a potion of resistance {unknown}


   Skills:
 * Level 3.4 Fighting
 - Level 3.6 Staves
 * Level 2.5 Armour
 * Level 2.2 Dodging
 - Level 1.0 Stealth
 - Level 1.0 Spellcasting
 - Level 1.0 Evocations


You had 5 spell levels left.
You didn't know any spells.
Your spell library was empty.

Dungeon Overview and Level Annotations

Branches:
Dungeon (3/15)

Altars:
Uskayaw
Yredelemnul


Innate Abilities, Weirdness & Mutations

You sometimes gain a little power by taking damage.
When seriously injured, your blood forms thick armour. (AC +9)


Message History

You see here a rat corpse.
You feel sick.
You are no longer poisoned.
Found a basalt altar of Yredelemnul.
Found a spear.
A frilled lizard comes into view.
The frilled lizard hisses angrily.
The frilled lizard closely misses you.
You see here an orange potion.
You closely miss the frilled lizard. The frilled lizard closely misses you.
You sock the frilled lizard!
You kill the frilled lizard!
d - an orange potion A rat comes into view.
The rat moves out of view.
The rat bites you but does no damage.
You sock the rat!
You kill the rat!
Found a yellow potion and 7 gold pieces.
A worm comes into view.
The worm bites you!
You barely miss the worm. You barely miss the worm. The worm bites you!
Your blood congeals into armour.
You hit the worm but do no damage. The worm bites you!
* * * LOW HITPOINT WARNING * * *
You hit the worm.
The worm is moderately wounded.
You barely miss the worm.
The worm is moderately wounded.
The worm closely misses you.
You hit the worm but do no damage.
The worm is lightly wounded.
The worm bites you.
* * * LOW HITPOINT WARNING * * *
You hit the worm.
The worm is moderately wounded.
You sock the worm!
The worm is almost dead.
The worm bites you.
You die...

######### ####
###...#.#.###..#
##.#.##..##.#.##
..#.....#..#.###
#.....)........### #
.................###.###
################.......#
..............#
.......@......#
.###...w......#
#.....!....#
#.....$....#
#..........#
########+###


You could see a worm.

Vanquished Creatures
  4 adders
  4 gnolls (D:2)
  3 worms (D:2)
  7 ball pythons
  3 bats
  5 endoplasms
  A giant cockroach (D:1)
  7 hobgoblins
  3 quokkas
  4 frilled lizards
  3 goblins
  2 kobolds
  7 rats
53 creatures vanquished.

Notes
Turn   | Place    | Note
-------+----------+-------------------------------------------
     0 | D:1      | Chiseanne the Demonspawn Wanderer began the quest for the
                  | Orb.
     0 | D:1      | Chiseanne set off with the following items: a +3
                  | quarterstaff, a scroll of teleportation, a potion of
                  | attraction, a +0 leather armour.
     0 | D:1      | Reached XP level 1. HP: 16/16 MP: 2/2
     3 | D:1      | Noticed an electric eel
     6 | D:1      | Noticed an electric eel
   142 | D:1      | Gained mutation: You sometimes gain a little power by
                  | taking damage. [demonic ancestry]
   142 | D:1      | Reached XP level 2. HP: 19/22 MP: 3/3
   441 | D:1      | You fall into a shaft and drop 1 floor!
   468 | D:2      | Reached skill level 1 in Dodging
   626 | D:2      | Found a hide-covered altar of Uskayaw.
   627 | D:2      | Found a faded altar of an unknown god.
   634 | D:2      | Gained mutation: When seriously injured, your blood forms
                  | armour. (AC +9) [demonic ancestry]
   634 | D:2      | Reached XP level 3. HP: 28/28 MP: 4/4
  1321 | D:2      | Gained mutation: When seriously injured, your blood forms
                  | thick armour. (AC +9) [demonic ancestry]
  1321 | D:2      | Reached XP level 4. HP: 35/35 MP: 5/5
  1985 | D:1      | Identified a scroll of acquirement
  1985 | D:1      | Acquired 1124 gold pieces
  2743 | D:3      | Found a basalt altar of Yredelemnul.
  2815 | D:3      | Slain by a worm

Illustrated notes

Levels and vault maps discovered:
D:1:      arrival_aquarium_b, layout_loops_ring, corexii_item_surrounded_by_moat
D:2:      layout_rooms, basic_altar, hellmonk_ecumenical_altar_heavens_door,
          nicolae_titane
D:3:      layout_basic, grunt_temple_overflow_order_and_chaos_2,
          lemuel_crystal_altar, minmay_misc_feat_rugged

Skill      XL: |  1  2  3  4 |
---------------+-------------+-----
Dodging        | 1 2 |  2.2
Armour         | 2 |  2.5
Fighting       | 3 |  3.4
Staves         | |  3.6
Stealth        | |  1.0
Spellcasting   | |  1.0
Evocations     | |  1.0

Action                   |  1- 3 |  4- 6 || total
-------------------------+-------+-------++-------
Melee: Quarterstaff      |    61 |    59 ||   120
  Use: Scroll            |       |     5 ||     5
       Potion            |       |     1 ||     1
 Stab: Sleeping          |     2 |     1 ||     3
Armor: Leather armour    |    16 |    16 ||    32
       Ring mail         |       |     3 ||     3
Dodge: Dodged            |    23 |    26 ||    49
